Map: Acropolis LE

Players

Probe

  • Race: Protoss Protoss
  • Spawn Location: 5:00

Hellraiser - Winner!

  • Race: Protoss Protoss
  • Spawn Location: 11:00

VOD

Have the link to the VOD?

Description

Time

  • Played on: Sept. 6, 2019, 3:39 p.m.
  • Length: 9:21
Show
View Real Time Build Order
Export as new Build Order

Probe Protoss 

Build Orders: Oracle Opening, Zealot Archon 

Get SALT Encoding   

  12  0:00  Probe  
  13  0:12  Probe  
  14  0:17  Pylon  
  14  0:23  Probe  
  15  0:32  Probe  
  15  0:39  Gateway  
  15  0:40  Probe  
  16  0:47  Assimilator  
  17  0:51  Probe  
  17  0:55  Assimilator  
  18  0:59  Probe  
  19  1:07  Gateway, Probe  
  19  1:17  Probe  
  21  1:26  Cybernetics Core  
  21  1:29  Probe  
  22  1:34  Pylon  
  22  1:41  Probe  
  23  1:53  Probe  
  24  2:02  Stalker x2  
  24  2:03  Warp Gate  
  24  2:06  Probe  
  29  2:10  Pylon  
  29  2:32  Stalker x2  
  33  2:40  Stargate  
  33  3:05  Nexus  
  33  3:13  Oracle  
  33  3:17  Probe  
  37  3:29  Probe  
  38  3:34  Pylon  
  38  3:41  Probe  
  39  3:43  Robotics Facility  
  39  3:51  Probe  
  39  3:53  Forge  
  40  3:56  Sentry  
  40  3:59  Probe  
  42  4:07  Probe  
  43  4:16  Protoss Ground Weapons Level 1  
  44  4:17  Probe  
  44  4:18  Probe  
  44  4:21  Phoenix  
  48  4:25  Probe  
  48  4:26  Probe  
  50  4:33  Probe  
  50  4:34  Probe  
  52  4:45  Probe, Twilight Council  
  53  4:46  Probe  
  53  4:49  Assimilator  
  53  4:51  Assimilator  
  54  4:57  Probe  
  54  4:58  Probe  
  56  5:04  Pylon  
  56  5:09  Probe  
  56  5:10  Probe  
  56  5:11  Warp Prism  
  58  5:17  Pylon  
  58  5:21  Probe  
  58  5:22  Probe  
  58  5:25  Templar Archives  
  58  5:27  Charge  
  62  5:33  Probe  
  62  5:34  Probe  
  64  5:40  Gateway  
  64  5:41  Gateway  
  64  5:46  Probe x2  
  64  5:49  Observer  
  67  6:01  Protoss Ground Weapons Level 2  
  67  6:05  Gateway  
  67  6:07  Gateway  
  67  6:08  Shield Battery  
  67  6:10  Immortal  
  71  6:18  Shield Battery  
  71  6:19  Zealot x2  
  75  6:29  Pylon  
  75  6:30  Pylon x2  
  75  6:34  Probe  
  75  6:35  Probe  
  72  6:42  High Templar x2  
  72  6:47  Probe x2  
  76  6:49  High Templar  
  78  6:59  Archon, Probe x2  
  79  7:09  High Templar  
  79  7:10  Gateway  
  79  7:11  Zealot, Probe  
  79  7:12  Zealot  
  79  7:13  Gateway  
  86  7:16  Archon  
  86  7:18  Zealot x2  
  86  7:20  Immortal  
  94  7:25  Pylon  
  94  7:35  Nexus  
  92  7:43  Zealot x3  
  84  7:53  Zealot x3  
  86  8:04  Probe x2  
  80  8:10  Immortal, High Templar  
  80  8:11  High Templar x2  
  79  8:16  Probe  
  79  8:17  Observer  
  84  8:22  High Templar  
  84  8:23  Zealot x2  
  84  8:24  Archon  
  90  8:27  Archon  
  90  8:31  Pylon  
  90  8:35  Pylon  
  90  8:36  Zealot x2  
  94  8:43  Zealot  
  94  8:44  Zealot x3  
  102  8:49  Probe  
  102  8:50  Probe x2  
  102  8:55  High Templar x2  
  97  9:04  Zealot x3  
  97  9:07  Archon  
  97  9:08  Zealot  
  89  9:14  Zealot  
  89  9:15  Zealot  
Show
View Real Time Build Order
Export as new Build Order

Hellraiser Protoss - Winner!

Build Orders: Phoenix Opening, Zealot Archon 

Get SALT Encoding   

  12  0:00  Probe  
  13  0:12  Probe  
  14  0:18  Pylon  
  14  0:22  Probe  
  15  0:32  Probe  
  15  0:37  Gateway  
  15  0:42  Probe  
  16  0:46  Assimilator  
  17  0:53  Probe  
  17  0:56  Assimilator  
  18  1:01  Probe  
  18  1:09  Probe  
  18  1:10  Gateway  
  20  1:20  Probe  
  20  1:24  Cybernetics Core  
  21  1:33  Probe  
  21  1:37  Pylon  
  22  1:45  Probe  
  23  1:57  Probe  
  23  2:00  Sentry, Stalker  
  28  2:02  Warp Gate  
  28  2:03  Pylon  
  28  2:09  Probe  
  29  2:26  Stalker  
  31  2:30  Stalker  
  31  2:33  Phoenix  
  33  2:48  Nexus  
  33  2:50  Probe  
  34  2:59  Sentry  
  34  3:01  Pylon  
  34  3:04  Probe  
  37  3:14  Robotics Facility  
  37  3:17  Probe  
  38  3:26  Shield Battery  
  38  3:29  Probe  
  39  3:39  Probe  
  39  3:47  Probe  
  40  3:50  Stalker x2  
  45  3:57  Twilight Council  
  45  3:58  Probe  
  45  3:59  Probe  
  46  4:06  Probe  
  46  4:07  Probe  
  47  4:14  Probe, Stalker  
  51  4:17  Blink  
  51  4:19  Probe  
  51  4:22  Observer  
  54  4:27  Probe  
  54  4:28  Stalker  
  54  4:29  Probe  
  58  4:35  Probe  
  58  4:41  Probe  
  58  4:43  Forge  
  58  4:45  Probe  
  60  4:53  Probe  
  60  4:54  Pylon  
  60  4:57  Probe  
  62  5:05  Protoss Ground Weapons Level 1  
  62  5:10  Pylon  
  62  5:12  Probe, Assimilator  
  63  5:14  Stalker  
  63  5:15  Stalker  
  63  5:16  Probe  
  68  5:28  Pylon  
  68  5:30  Nexus  
  68  5:44  Probe x2  
  68  5:45  Gateway x2  
  70  5:50  Stalker x2  
  74  6:06  Gateway  
  74  6:08  Gateway  
  74  6:10  Charge  
  74  6:11  Gateway x2  
  74  6:15  Templar Archives  
  74  6:18  Probe  
  75  6:19  Probe  
  75  6:29  Pylon  
  75  6:30  Probe  
  75  6:31  Probe  
  77  6:42  Probe  
  77  6:43  Probe  
  77  6:46  Observer  
  80  6:47  Probe  
  80  6:48  Photon Cannon  
  80  6:50  Zealot x4  
  89  6:54  Probe  
  89  6:55  Probe  
  89  6:59  Probe  
  89  7:01  Assimilator  
  92  7:02  Pylon  
  92  7:06  Probe, Phoenix  
  93  7:13  Zealot x5, High Templar x2  
  107  7:17  Pylon  
  107  7:18  Archon  
  107  7:23  Zealot  
  107  7:26  Warp Prism  
  109  7:30  Photon Cannon  
  107  7:43  Zealot x2  
  109  7:46  Stalker x2  
  101  7:53  Zealot x4  
  106  7:58  Probe  
  106  7:59  Probe  
  106  8:00  Probe  
  105  8:10  Probe  
  105  8:11  Probe  
  103  8:14  Probe  
  103  8:15  Stalker x3  
  103  8:17  High Templar x2  
  103  8:19  Zealot  
  116  8:23  Archon, Probe  
  116  8:26  Probe  
  118  8:27  Probe  
  118  8:33  Zealot x2  
  123  8:38  Probe x2  
  125  8:44  Pylon  
  125  8:45  Pylon  
  125  8:46  Pylon  
  125  8:49  Photon Cannon x2  
  111  9:03  Zealot x5  
  97  9:11  Zealot x3  
Tags
 
Add a new tag
Caveats
  • Supply blocks, unpowered buildings, or Contaminate may cause inaccurate times.
  • Supply counts are checked every 10 seconds.